 Dungeon Crawl Stone Soup version 0.30.1-6-gbe392663c4 (webtiles) character file.

Game seed: 8086412419466362376

36 safid the Chiller (level 3, 0/26 HPs)
             Began as a Merfolk Ice Elementalist on Sept 20, 2023.
             Slain by an orc wizard
             ... wielding a +0 dagger
              (4 damage)
             ... on level 3 of the Dungeon.
             The game lasted 00:01:50 (1588 turns).

safid the Chiller (Merfolk Ice Elementalist)        Turns: 1588, Time: 00:01:51

Health: 0/26       AC:  9    Str:  8    XL:     3   Next: 37%
Magic:  3/6        EV: 12    Int: 16    God:
Gold:   65         SH:  0    Dex: 14    Spells: 0/7 levels left

rFire   . . .        k - +0 rapier
rCold   . . .        (no shield)
rNeg    . . .        a - +0 robe
rPois   .            (no helmet)
rElec   .            (no cloak)
rCorr   .            h - +0 pair of gloves
SInv    .            (no boots)
Will    .....        (no amulet)
Stlth   ++           (no ring)
HPRegen 0.24/turn    (no ring)
MPRegen 0.10/turn

%: no passive effects
@: ice-armoured, freezing walls
A: (nimble swimmer 2), mertail
a: no special abilities


You were on level 3 of the Dungeon.
You visited 1 branch of the dungeon, and saw 3 of its levels.

You collected 65 gold pieces.

Inventory:

Hand Weapons
 k - a +0 rapier (weapon)
Armour
 a - a +0 robe (worn)
 h - a +0 pair of gloves (worn)
Jewellery
 p - a +4 ring of protection
Scrolls
 d - a scroll of enchant armour {unknown}
 g - a scroll of fog {unknown}
 l - a scroll of identify {unknown}
 m - a scroll of magic mapping {unknown}
 o - a scroll of teleportation {unknown}
Potions
 c - a potion of might {unknown}
 e - a potion of flight {unknown}
 f - 2 potions of curing {unknown}
 i - a potion of cancellation {unknown}
 j - a potion of heal wounds {unknown}
 n - a potion of lignification {unknown}


   Skills:
 + Level 1.6 Fighting
 - Level 2.6 Dodging
 - Level 2.1 Stealth
 + Level 2.5 Spellcasting
 + Level 4.8 Ice Magic


You couldn't memorise any spells.
You knew the following spells:

 Your Spells              Type           Power      Damage    Failure   Level
a - Freeze                Ice            68%        1d8       2%          1
b - Frozen Ramparts       Ice            34%        1d6       9%          3
c - Ozocubu's Armour      Ice            17%        N/A       9%          3

Your spell library contained the following spells:

 Spells                   Type           Power      Damage    Failure   Level
 Apportation              Tloc           4%         N/A       21%         1
 Necrotise                Necr           8%         1d4       21%         1
 Summon Small Mammal      Summ           8%         N/A       21%         1
 Summon Ice Beast         Ice/Summ       9%         N/A       58%         4


Dungeon Overview and Level Annotations

Branches:
Dungeon (3/15)

Altars:

Shops:
D:1 =   D:3 :


Innate Abilities, Weirdness & Mutations

((You are very nimble when in or above water. (Stealth+, EV+, Speed+++)))
Your lower body shifts to a powerful aquatic tail in water.


Message History

You hear some strange, mumbled words.
Something tries to affect you, but you resist.
The wall freezes the orc but does no damage.
The wall freezes the orc.
You kill the orc!
The kobold throws a stone.
The stone hits you but does no damage.
The wall freezes something but does no damage.
The kobold throws a stone.
The stone barely misses you.
The wall freezes something.
Something hits you but does no damage.
The wall freezes the orc but does no damage.
The frozen ramparts melt away.
You hear some strange, mumbled words.
A magic dart appears from out of thin air!
The magic dart hits you!
* * * LOW HITPOINT WARNING * * *
Your icy armour will break if you move.
Continue?
You closely miss something.
You hear some strange, mumbled words.
A magic dart appears from out of thin air!
The magic dart hits you but does no damage.
Magic courses through your body. Something hits you.
* * * LOW HITPOINT WARNING * * *
Casting: Ozocubu's Armour (quite dangerous; 9% risk of failure)
Confirm with . or Enter, or press ? or * to list all spells.
The spell is quite dangerous to miscast (9% risk of failure)!
Continue anyway? [Y]es or [N]o only, please.
The spell is quite dangerous to miscast (9% risk of failure)!
Continue anyway?
Okay, then.
Casting: Frozen Ramparts (quite dangerous; 9% risk of failure)
Confirm with . or Enter, or press ? or * to list all spells.
The spell is quite dangerous to miscast (9% risk of failure)!
Continue anyway? [Y]es or [N]o only, please.
The spell is quite dangerous to miscast (9% risk of failure)!
Continue anyway?
Casting: Frozen Ramparts (quite dangerous; 9% risk of failure)
Press: ? - help, Dir - look around, f - activate The walls around you are covered in ice.
The wall freezes the kobold.
The wall freezes something but does no damage.
Something hits you.
You die...

.........# #...#...# ##
####......^### .... .#
.<..........## #.#.#.# #.#
###.#.#.......#######.#.#.# #.#
#.....)....#....... ......####.#
#.⌠...⌠............ ...........#
#...∩........###### #.#...###...
#.⌠...⌠.....Ko{@..###.#.......>.
#..........#######...............
#.##...##.## #####.####...... .
........# #..............
....###### #.##.######...# #.###
# #..........# #. #########.>#
####..# #.....#


You could see an orc and a kobold.

Vanquished Creatures
  An adder (D:2)
  An orc (D:3)
  3 bats
  3 giant cockroaches
  A goblin (D:1)
  2 hobgoblins
  2 jackals (D:2)
  A kobold (D:2)
  7 ball pythons
  3 rats
24 creatures vanquished.

Notes
Turn   | Place    | Note
-------+----------+-------------------------------------------
     0 | D:1      | safid the Merfolk Ice Elementalist began the quest for the
                  | Orb.
     0 | D:1      | Reached XP level 1. HP: 13/13 MP: 3/3
    27 | D:1      | Found Peskyuwn's Jewellery Boutique.
   304 | D:1      | Found a faded altar of an unknown god.
   343 | D:1      | Reached XP level 2. HP: 20/20 MP: 1/5
   797 | D:2      | Reached skill level 1 in Fighting
  1171 | D:2      | Reached XP level 3. HP: 26/26 MP: 1/6
  1461 | D:2      | Learned a level 3 spell: Frozen Ramparts
  1466 | D:2      | Learned a level 3 spell: Ozocubu's Armour
  1553 | D:3      | Found Fodduf's Vocational Training.
  1588 | D:3      | Slain by an orc wizard

Illustrated notes

Levels and vault maps discovered:
D:1:      minmay_arrival_wavy_path, layout_basic,
          hellmonk_ecumenical_altar_blasted, serial_shops, shop,
          chequers_serial_rivers_room_a, minmay_misc_feat_rows
D:2:      layout_loops_ring
D:3:      layout_loops_ring, trog_three_pillars_becter, nicolae_shop_vocational,
          uniq_terence

Skill      XL: |  1  2 |
---------------+-------+-----
Fighting       | 1 |  1.6
Dodging        | |  2.6
Stealth        | |  2.1
Spellcasting   | |  2.5
Ice Magic      | |  4.8

Action                     || total
---------------------------++-------
  Melee: Dagger            ||     7
         Rapier            ||    50
   Cast: Freeze            ||    10
         Frozen Ramparts   ||     2
         Ozocubu's Armour  ||     1
    Use: Potion            ||     1
   Stab: Sleeping          ||     3
 Armour: Robe              ||    39
  Dodge: Dodged            ||    51
